 Dungeon Crawl Stone Soup version 0.19-a0-27-g415f530 (webtiles) character file.

3359 M4edhros the Martial Artist (level 9, -4/62 HPs)
             Began as a Vampire Monk on May 1, 2016.
             Was a Priest of Cheibriados.
             Killed from afar by an orc sorcerer (18 damage)
             ... with a bolt of fire
             ... while paralysed by an orc sorcerer
             ... on level 1 of the Orcish Mines.
             The game lasted 00:18:30 (3419 turns).

M4edhros the Martial Artist (Vampire Monk)          Turns: 3419, Time: 00:18:31

Health: -4/62      AC:  6    Str: 21    XL:     9   Next: 73%
Magic:  9/9        EV:  2    Int: 23    God:    Cheibriados [***...]
Gold:   420        SH:  0    Dex: 29    Spells: 0 memorised, 8 levels left

rFire  + . .     SeeInvis +       - Unarmed
rCold  . . .     Gourm    .     f - +2 robe {rF+}
rNeg   . . .     Faith    .     i - +0 shield (curse)
rPois  .         Spirit   .     (no helmet)
rElec  .         Dismiss  +     d - +0 cloak
rCorr  .         Reflect  .     (no gloves)
SustAt .         Harm     .     r - +0 pair of boots
MR     .....                    s - amulet of dismissal
Stlth  +++.......               t - +2 ring of intelligence
                                (no ring)

@: confused, paralysed, agile, regenerating quickly, drained, very slow, not
resistant to hostile enchantments, fairly stealthy
A: fangs 3, see invisible, unbreathing
a: Bend Time, Temporal Distortion, Renounce Religion


You were on level 1 of the Orcish Mines.
You worshipped Cheibriados.
Cheibriados was most pleased with you.
You were very full.

You visited 3 branches of the dungeon, and saw 13 of its levels.

You collected 420 gold pieces.

Inventory:

Hand Weapons
 g - a +2 flail of protection
 h - a +0 greatsling
Missiles
 k - 64 stones (quivered)
 q - 9 sling bullets
Armour
 d - a +0 cloak (worn)
 f - a +2 robe of fire resistance (worn)
 i - a cursed +0 shield (worn)
 r - a +0 pair of boots (worn)
Magical Staves
 n - an uncursed staff of poison
Jewellery
 a - an uncursed ring of stealth
 j - an uncursed ring of teleportation
 s - an amulet of dismissal (around neck)
 t - a +2 ring of intelligence (right hand)
 y - an uncursed ring of ice
Wands
 p - a wand of flame (17/48)
 z - a wand of lightning (0/15)
 B - a wand of teleportation (0/9)
 C - a wand of flame (33/48)
Scrolls
 l - 2 scrolls of remove curse
Potions
 b - 2 potions of degeneration
 c - 28 potions of blood
 v - a potion of cancellation
 A - a potion of cure mutation
 E - a potion of curing
Books
 e - a book of Conjurations

   Spells                             Type                      Level
   a - Magic Dart                     Conjuration                  1
   b - Searing Ray                    Conjuration                  2
   c - Dazzling Spray                 Conjuration/Hexes            3
   d - Fulminant Prism                Conjuration/Hexes            4
   e - Iskenderun's Mystic Blast      Conjuration                  4
   f - Iskenderun's Battlesphere      Conjuration/Charms           5
 o - a book of Unlife

   Spells                             Type                      Level
   a - Recall                         Summoning/Translocation      3
   b - Animate Dead                   Necromancy                   4
   c - Control Undead                 Necromancy                   4
   d - Cigotuvi's Embrace             Necromancy                   5
   e - Death Channel                  Necromancy                   6
   f - Simulacrum                     Ice/Necromancy               6
Miscellaneous
 m - a plain deck of summoning


   Skills:
 - Level 2.6(2.3) Fighting
 * Level 7.8(7.4) Slings
 - Level 3.2(2.9) Dodging
 - Level 3.0(2.6) Stealth
 + Level 5.8(5.4) Shields
 + Level 9.6(9.2) Unarmed Combat


You had 8 spell levels left.
You didn't know any spells.

Dungeon Overview and Level Annotations

Branches:
Dungeon (11/15)            Temple (1/1) D:6             Orc (1/2) D:11
   Lair: D:8-11

Altars:
Ashenzari
Cheibriados
Dithmenos
Nemelex Xobeh
Okawaru
Qazlal
Ru
Sif Muna
Xom
Zin
The Shining One

Shops:
Orc:1 =

Annotations:
D:4 Dowan, Duvessa
D:6 Sigmund
D:11 Erolcha


Innate Abilities, Weirdness & Mutations

Your natural rate of healing is unusually fast.
You have razor-sharp teeth.
You have supernaturally acute eyesight.
You can survive without breathing.


Message History

You block the orc warrior's attack.
The orc wizard points at you and mumbles some strange words.
You are confused.
The orc barely misses you. The orange demon completely misses you.
You hit the orc sorcerer but do no damage.
Your bite misses the orc sorcerer.
The orc sorcerer is lightly wounded.
The orange demon misses you.
The orc sorcerer howls an incantation.
The orc sorcerer glows brightly for a moment.
The orc sorcerer casts a spell at you.
You suddenly lose the ability to move!
The orc wizard hits you with a dagger.
The orc warrior hits you with a dire flail.
The orc hits you with a flail. The orange demon stings you from afar.
* * * LOW HITPOINT WARNING * * *
The orange demon stings you from afar.
* * * LOW HITPOINT WARNING * * *
The orc sorcerer points at you and mumbles some strange words.
The bolt of fire hits you! You resist.
You die...

#....# #..........#
....# ######...∩.....##
...####.##........####
...##.............#
..................#
....#............##
..................#
..#.#.)..........###
....)..........o@)4#
...........>...ooo..#
#.............4....##
#.................$.#
#.....#....$.........#
##.....#...............
###...##.........$....#
##.## #.#....#.##.###
##


You could see 2 orange demons, an orc sorcerer, an orc warrior, an orc wizard
and an orc.

Vanquished Creatures
  Harold (D:11)
  An orc sorcerer (Orc:1)
  A troll (D:10)
  4 yaks (D:7)
  A hippogriff (D:10)
  A phantom (D:10)
  5 ogres
  A giant frog (D:8)
  A howler monkey (D:4)
  An electric eel (D:9)
  A centaur zombie (D:10)
  4 hounds
  A centaur skeleton (D:4)
  A jelly (D:6)
  3 orc priests
  2 orc wizards
  Jessica (D:3)
  5 worker ants
  8 gnolls
  5 adders
  An adder skeleton (D:7)
  2 worms
  A dart slug (D:3)
  2 giant geckos
  26 orcs
  3 bats (D:3)
  3 giant cockroaches
  6 goblins
  3 hobgoblins
  6 jackals
  5 quokkas
  5 kobolds
  6 rats
117 creatures vanquished.

Notes
Turn   | Place    | Note
--------------------------------------------------------------
     0 | D:1      | M4edhros the Vampire Monk began the quest for the Orb.
     0 | D:1      | Reached XP level 1. HP: 17/17 MP: 1/1
   110 | D:3      | Found a glowing golden altar of the Shining One.
   111 | D:3      | Noticed Jessica
   127 | D:3      | Killed Jessica
   127 | D:3      | Reached skill level 5 in Unarmed Combat
   127 | D:3      | Reached XP level 2. HP: 23/23 MP: 2/2
   170 | D:3      | Reached XP level 3. HP: 28/28 MP: 3/3
   248 | D:3      | Reached skill level 6 in Unarmed Combat
   248 | D:3      | Reached XP level 4. HP: 24/34 MP: 4/4
   834 | D:3      | Reached skill level 1 in Slings
   993 | D:3      | Reached skill level 1 in Shields
   993 | D:3      | Reached XP level 5. HP: 30/39 MP: 5/5
  1220 | D:4      | Noticed Duvessa
  1234 | D:4      | Noticed an ogre
  1236 | D:4      | Reached XP level 6. HP: 31/46 MP: 6/6
  1411 | D:2      | Reached skill level 7 in Unarmed Combat
  1494 | D:4      | Noticed Dowan
  1639 | D:5      | Entered Level 5 of the Dungeon
  1642 | D:5      | Found a shadowy altar of Dithmenos.
  1685 | D:5      | Found a sacrificial altar of Ru.
  2023 | D:6      | Found a staircase to the Ecumenical Temple.
  2044 | Temple   | Entered the Ecumenical Temple
  2121 | Temple   | Became a worshipper of Cheibriados the Contemplative
  2121 | Temple   | Reached * piety under Cheibriados
  2121 | Temple   | Reached ** piety under Cheibriados
  2144 | D:6      | Noticed Sigmund
  2161 | D:6      | Reached XP level 7. HP: 39/51 MP: 7/7
  2225 | D:6      | Found a sparkling altar of Nemelex Xobeh.
  2259 | D:6      | Found a deep blue altar of Sif Muna.
  2329 | D:7      | Noticed a yak
  2333 | D:7      | Noticed a yak
  2333 | D:7      | Noticed a yak
  2333 | D:7      | Noticed a yak
  2341 | D:7      | Killed a yak
  2354 | D:7      | Killed a yak
  2354 | D:7      | Reached XP level 8. HP: 57/57 MP: 8/8
  2357 | D:7      | Reached skill level 5 in Slings
  2357 | D:7      | Reached skill level 8 in Unarmed Combat
  2548 | D:8      | Reached *** piety under Cheibriados
  2907 | D:10     | Entered Level 10 of the Dungeon
  3019 | D:10     | Noticed a troll
  3026 | D:10     | Killed a troll
  3026 | D:10     | Reached XP level 9. HP: 18/62 MP: 9/9
  3154 | D:11     | Noticed Harold
  3170 | D:11     | Killed Harold
  3170 | D:11     | Reached skill level 5 in Shields
  3170 | D:11     | Reached skill level 9 in Unarmed Combat
  3182 | D:11     | Noticed Erolcha
  3235 | D:11     | Found a staircase to the Orcish Mines.
  3293 | Orc:1    | Entered Level 1 of the Orcish Mines
  3307 | Orc:1    | Noticed an orc sorcerer
  3314 | Orc:1    | Paralysed by an orc sorcerer for 6 turns
  3318 | Orc:1    | Noticed a hellwing
  3328 | Orc:1    | Killed an orc sorcerer
  3365 | Orc:1    | Found Ejues's Jewellery Emporium.
  3382 | Orc:1    | Noticed an orc sorcerer
  3402 | Orc:1    | Noticed an orc sorcerer
  3409 | Orc:1    | Noticed an orange demon
  3416 | Orc:1    | Noticed an orange demon
  3418 | Orc:1    | Paralysed by an orc sorcerer for 6 turns
  3419 | Orc:1    | Killed from afar by an orc sorcerer

Vault maps used:
D:1:      lemuel_arrival_broad_hall, grunt_decor_cap, minmay_misc_feat_columns
D:2:      lemuel_round_altar
D:3:      mumra_celtic_spiral_tile, tso_metal_star, minmay_bisected,
          uniq_terence, uniq_jessica
D:4:      uniq_duvessa
D:5:      lemuel_doored_altar, grunt_dithmenos_smoke, first_bread
D:6:      kennysheep_big_flooded_room, lemuel_coloured_pillars_altar,
          nemelex_deck, nicolae_overflow_crystal_walls,
          minmay_temple_entry_statues_pillars, uniq_sigmund, uniq_menkaure
D:7:      kennysheep_mini
D:9:      hangedman_ranch
D:11:     due_lair_maze_entry_diamond, orc_0_dummy, uniq_grum, uniq_erolcha,
          uniq_harold
Temple:   chambers_temple_12
Orc:1:    serial_shops, shop

Skill      XL: |  1  2  3  4  5  6  7  8  9 |
---------------+----------------------------+-----
Unarmed Combat | 5 6 7 8 9 |  9.6
Slings         | 1 2 3 4 6 7 |  7.8
Shields        | 1 2 3 4 5 |  5.8
Fighting       | |  2.6
Dodging        | |  3.2
Stealth        | |  3.0

Action                   |  1- 3 |  4- 6 |  7- 9 || total
-------------------------+-------+-------+-------++-------
Melee: Unarmed           |    26 |   264 |   170 ||   460
       Bite              |     3 |    31 |    25 ||    59
       Punch             |     1 |       |       ||     1
 Fire: Greatsling        |       |       |    44 ||    44
Evoke: Wand              |       |       |     6 ||     6
  Use: Potion            |     4 |    15 |    10 ||    29
       Scroll            |       |     5 |     4 ||     9
 Stab: Sleeping          |     3 |     6 |     3 ||    12
Armor: Robe              |     3 |    55 |    19 ||    77
       Skin              |       |       |    47 ||    47
Dodge: Dodged            |     9 |   100 |    71 ||   180
Block: Shield            |       |    79 |   102 ||   181
